 Dungeon Crawl Stone Soup version 0.26.0-8-g74fc34ddfb (webtiles) character file.

Game seed: 4297646712920209369

121 denis1488 the Skirmisher (level 5, -2/38 HPs)
             Began as an Octopode Transmuter on Jan 12, 2021.
             Killed from afar by an orc wizard (10 damage)
             ... with a magic dart
             ... on level 3 of the Dungeon.
             The game lasted 00:02:45 (3266 turns).

denis1488 the Skirmisher (Octopode Transmuter)      Turns: 3266, Time: 00:02:46

Health: -2/38      AC:  1    Str:  9    XL:     5   Next: 5%
Magic:  8/8        EV: 13    Int: 17    God:
Gold:   126        SH:  0    Dex: 12    Spells: 4/8 levels left

rFire    . . .     SeeInvis +     - Unarmed
rCold    . . .     Faith    .   (no shield)
rNeg     . . .     Spirit   .   (helmet restricted)
rPois    .         Reflect  .   (no amulet)
rElec    .         Harm     .   c - ring of see invisible
rCorr    .         Rampage  .   (no ring)
Will     .....                  (no ring)
Stlth    ++........             (no ring)
HPRegen  0.12/turn              (no ring)
MPRegen  0.11/turn              (no ring)
                                (no ring)
                                (no ring)

@: no status effects
A: almost no armour, stealthy swim, amphibious, 8 rings, constrict 8, camouflage
1, gelatinous body 1
a: no special abilities


You were on level 3 of the Dungeon.
You visited 1 branch of the dungeon, and saw 3 of its levels.

You collected 126 gold pieces.

Inventory:

Missiles
 l - 4 silver boomerangs (quivered)
Jewellery
 c - a ring of see invisible (left tentacle)
Scrolls
 a - 5 scrolls of identify {unknown}
 d - a scroll of noise {unknown}
 e - a scroll of blinking {unknown}
 f - a scroll of enchant weapon {unknown}
 h - a scroll of teleportation {unknown}
 j - a scroll of magic mapping {unknown}
 k - 2 scrolls of remove curse {unknown}
Potions
 b - a potion of lignification {unknown}
 g - a potion of curing {unknown}
 i - 2 potions of brilliance {unknown}
 m - a potion of attraction {unknown}
 n - a potion of haste {unknown}


   Skills:
 + Level 4.7 Fighting
 - Level 2.0 Dodging
 - Level 3.0 Unarmed Combat
 - Level 2.0 Spellcasting
 - Level 2.0 Transmutations


You had 4 spell levels left.
You knew the following spells:

 Your Spells              Type           Power        Failure   Level
a - Beastly Appendage     Tmut           16%          9%          1
b - Spider Form           Tmut/Pois      2%           36%         3

Your spell library contained the following spells:

 Spells                   Type           Power        Failure   Level
 Wereblood                Tmut           8%           13%         2
 Ice Form                 Ice/Tmut       5%           77%         4
 Blade Hands              Tmut           4%           93%         5


Dungeon Overview and Level Annotations

Branches:
Dungeon (3/15)

Altars:
Ashenzari
Wu Jian


Innate Abilities, Weirdness & Mutations

You cannot wear most types of armour.
You are very stealthy in the water. (Stealth+)
You are amphibious.
You can wear up to eight rings at the same time.
You can use your tentacles to constrict eight enemies at once.
Your skin changes colour to match your surroundings (Stealth+).
Your rubbery body absorbs attacks. (AC +1, EV +1)


Message History

Press: ? - help, Q - select action, (/) - cycle Shift-Dir - straight line, f/p - orc wizard
Aim: an orc wizard, wielding a +0 dagger and wearing a +0 robe (moderately wounded)
You throw a silver boomerang.
The silver boomerang closely misses the orc wizard.
Throw: 4 boomerangs (silver)
Press: ? - help, Q - select action, (/) - cycle Shift-Dir - straight line, f/p - orc wizard
Aim: an orc wizard, wielding a +0 dagger and wearing a +0 robe (moderately wounded)
You throw a silver boomerang.
The silver boomerang hits the orc wizard.
The orc wizard is heavily wounded.
The orc wizard gestures at you while chanting.
The magic dart hits you!
The orc priest calls down the wrath of Beogh upon you.
Beogh smites you!
* * * LOW HITPOINT WARNING * * *
There is a stone staircase leading up here.
The orc priest miscasts a cantrip.
The orc wizard casts a spell at you. The magic dart hits you!
You die...

.# #.# #...........###...# .#
#.# #.#)#######..#.#..# .# #.#
#.#.#######.#.#...# .# #.#
#.#....[......#...## ## #.#
#....######.......#_.. # #.#
####.# #####...##.... # #.#
#.# #...##8... #.#
#.##########...# ##8#
#.########.#.@..)o.oo...######
#........)...#######.......#
######.........(.# #.o....#
#.###.#####.# #..o.#.# #.#
#.#####.######..#.# #.#
#.##........###o#.# #.#
#.##.##.......o...# #.#
#.##.##.........### #.#
#.##.##..##o###.#


You could see an orc priest, an orc wizard and an orc.

Vanquished Creatures
  4 adders
  2 worms (D:2)
  3 dart slugs
  2 leopard geckos
  2 orcs (D:3)
  6 giant cockroaches
  7 goblins
  11 hobgoblins
  6 jackals
  A ball python (D:3)
  5 bats
  2 frilled lizards
  7 kobolds
  7 rats
65 creatures vanquished.

Notes
Turn   | Place    | Note
-------+----------+-------------------------------------------
     0 | D:1      | denis1488 the Octopode Transmuter began the quest for the
                  | Orb.
     0 | D:1      | Reached XP level 1. HP: 13/13 MP: 3/3
   226 | D:1      | Reached skill level 2 in Fighting
   226 | D:1      | Reached XP level 2. HP: 12/19 MP: 5/5
   749 | D:2      | Reached skill level 3 in Fighting
   749 | D:2      | Reached XP level 3. HP: 12/26 MP: 6/6
  1439 | D:2      | Learned a level 3 spell: Spider Form
  1520 | D:2      | Reached XP level 4. HP: 24/33 MP: 7/7
  1694 | D:2      | Found a broken altar of Ashenzari.
  1918 | D:2      | Reached skill level 4 in Fighting
  2746 | D:3      | Found an ornate altar of the Wu Jian Council.
  3081 | D:3      | Reached XP level 5. HP: 35/38 MP: 8/8
  3266 | D:3      | Killed from afar by an orc wizard

Illustrated notes

Levels and vault maps discovered:
D:1:      tarquinn_simple_flora_water_a, layout_rooms
D:2:      layout_loops_ring, nicolae_ashenzari_panopticon
D:3:      layout_loops_ring, nicolae_overflow_hidden_temple

Skill      XL: |  1  2  3  4 |
---------------+-------------+-----
Fighting       | 2 3 4 |  4.7
Dodging        | |  2.0
Unarmed Combat | |  3.0
Spellcasting   | |  2.0
Transmutations | |  2.0

Action                   |  1- 3 |  4- 6 || total
-------------------------+-------+-------++-------
Melee: Unarmed           |    83 |   100 ||   183
       Constrict         |    18 |    24 ||    42
       Tentacles         |     8 |    15 ||    23
       Punch             |     4 |     3 ||     7
Throw: Boomerang         |       |     3 ||     3
 Cast: Beastly Appendage |       |     1 ||     1
 Stab: Sleeping          |     8 |     2 ||    10
Armor: Skin              |     5 |    16 ||    21
Dodge: Dodged            |    50 |    87 ||   137
